 Dungeon Crawl Stone Soup version 0.29.0-13-gc9e81de378 (webtiles) character file.

Game seed: 4745937573907034496

787 freelancePsychic the Magician (level 8, -20/58 HPs)
             Began as a Djinni Monk on Sept 7, 2022.
             Demolished by an ogre
             ... wielding a +0 giant club
              (33 damage)
             ... on level 6 of the Dungeon.
             The game lasted 00:12:11 (6892 turns).

freelancePsychic the Magician (Djinni Monk)         Turns: 6892, Time: 00:12:11

Health: -20/58     AC:  8    Str: 10    XL:     8   Next: 11%
Gold:   279        EV: 11    Int: 13    God:
                   SH:  0    Dex: 17

rFire   + + .      SeeInvis .   c - +0 dagger
rCold   x . .      Faith    .   (no shield)
rNeg    . . .      Spirit   .   j - +3 ring mail of Igeezome {rPois Will+++ MP-9}
rPois   ∞          Reflect  .   (no helmet)
rElec   .          Harm     .   h - scarf {+Inv}
rCorr   .          Rampage  .   (no gloves)
Will    ++++.                   (boots unavailable)
Stlth   ++........              (no amulet)
HPRegen 0.19/turn               e - ring of willpower
MPRegen 0.00/turn               (no ring)

@: flying
A: sickness immunity, fire resistance 2, cold vulnerability 1, float, innate
caster, HP casting, extra vitality 1
a: Evoke Invisibility


You were on level 6 of the Dungeon.
You visited 1 branch of the dungeon, and saw 6 of its levels.

You collected 279 gold pieces.

Inventory:

Hand Weapons
 a - a +0 short sword
 c - a +0 dagger (weapon)
Armour
 b - a +0 robe
 h - a scarf of invisibility (worn)
 j - the +3 ring mail of Igeezome (worn) {rPois Will+++ MP-9}
   (You found it on level 2 of the Dungeon)

   rPois:     It protects you from poison.
   MP:        It affects your magic capacity (-9).
   Will:      It greatly increases your willpower.
Magical Staves
 p - a staff of earth
Jewellery
 e - a ring of willpower (left hand)
Scrolls
 g - a scroll of torment
 i - 3 scrolls of enchant weapon
 o - a scroll of blinking
Potions
 d - a potion of degeneration
 f - a potion of brilliance
 l - a potion of ambrosia
 m - a potion of flight {unknown}
 q - 3 potions of mutation {unknown}


   Skills:
 + Level 4.3 Fighting
 + Level 3.9 Short Blades
 - Level 3.2 Dodging
 + Level 3.2 Stealth
 * Level 4.7 Spellcasting


You had 11 spell levels left.
You knew the following spells:

 Your Spells              Type           Power      Damage    Failure   Level
a - Shock                 Conj/Air       60%        1d6       7%          1
b - Ensorcelled Hibernat  Hex/Ice        30%        N/A       11%         2
c - Wereblood             Tmut           15%        N/A       11%         2
Your spell library was empty.

Dungeon Overview and Level Annotations

Branches:
Dungeon (6/15)
 Temple: D:4-7

Altars:

Shops:
D:3 ?

Portals:
Sewer: D:6

Annotations:
D:2 Sigmund
D:3 exclusion: ogre
D:5 exclusion: ice beast
D:6 Prince Ribbit


Innate Abilities, Weirdness & Mutations

You are immune to sickness and miasma.
You are immune to poison.
Your flesh is very heat resistant. (rF++)
You are vulnerable to cold. (rC-)
You float through the air rather than walking.
You learn spells naturally, not from books.
Your magical power is your life essence.
You have superior vitality. (+4 MHP)


Message History

Casting: Shock (safe; 7% risk of failure)
Confirm with . or Enter, or press ? or * to list all spells.
Aiming: Shock (safe; 7% risk of failure)
Press: ? - help, Shift-Dir - straight line, f/p - ogre
Aim: an ogre, wielding a +0 giant club (heavily wounded, 86% to hit)
The zap hits the ogre.
The ogre is severely wounded.
Casting: Shock (safe; 7% risk of failure)
Confirm with . or Enter, or press ? or * to list all spells.
Aiming: Shock (safe; 7% risk of failure)
Press: ? - help, Shift-Dir - straight line, f/p - ogre
Aim: an ogre, wielding a +0 giant club (severely wounded, 86% to hit)
The zap hits the ogre.
The ogre is severely wounded.
Casting: Shock (safe; 7% risk of failure)
Confirm with . or Enter, or press ? or * to list all spells.
Aiming: Ensorcelled Hibernation (safe; 11% risk of failure)
Press: ? - help, Shift-Dir - straight line, f/p - ogre
Aim: an ogre, wielding a +0 giant club (severely wounded, chance to affect: 49%)
The ogre resists with some effort.
The ogre misses you.
Casting: Ensorcelled Hibernation (safe; 11% risk of failure)
Confirm with . or Enter, or press ? or * to list all spells.
Aiming: Ensorcelled Hibernation (safe; 11% risk of failure)
Press: ? - help, Shift-Dir - straight line, f/p - ogre
Aim: an ogre, wielding a +0 giant club (severely wounded, chance to affect: 49%)
The ogre resists with some effort.
The ogre hits you with a +0 giant club!!
* * * LOW HITPOINT WARNING * * *
Casting: Ensorcelled Hibernation (safe; 11% risk of failure)
Confirm with . or Enter, or press ? or * to list all spells.
Aiming: Ensorcelled Hibernation (safe; 11% risk of failure)
Press: ? - help, Shift-Dir - straight line, f/p - ogre
Aim: an ogre, wielding a +0 giant club (severely wounded, chance to affect: 49%)
The ogre resists with some effort.
* * * LOW HITPOINT WARNING * * *
The ogre attacks as you move away! The ogre barely misses you.
The ogre attacks as you move away!
The ogre hits you with a +0 giant club!!
Ouch! That really hurt!
You die...

#........##............
#.......g.............
#...).................
##.)#######.....#.....
##)#~~~~~#.....#.....
#.+S~∩~~#...........
##.#SB~~~#..........#
#g.#######?.###.$..##
#..O@........ #....#
#..##...........####
##.# ..#.... # #..
....... # ... ..... . #
... #.##... . ....# ##
... ≈.. ..


You could see an ogre, a gnoll bouda (wandering), a gnoll, 2 adders and a giant
cockroach.

Vanquished Creatures
  A steam dragon (D:4)
  Menkaure (D:4)
  A centaur (D:6)
  A kobold brigand (D:4)
  A hound (D:5)
  A jelly (D:5)
  2 orc priests (D:4)
  4 iguanas
  A mummy (D:4)
  2 gnolls (D:6)
  3 adders (D:4)
  3 worms (D:2)
  2 dart slugs
  18 orcs
  4 endoplasms
  A giant cockroach (D:1)
  2 goblins
  7 hobgoblins
  16 kobolds
  5 quokkas
  5 ball pythons
  4 bats
  3 frilled lizards
  A hobgoblin zombie (D:5)
  2 kobold zombies (D:5)
  An orc zombie (D:5)
  10 rats
102 creatures vanquished.

Notes
Turn   | Place    | Note
-------+----------+-------------------------------------------
     0 | D:1      | freelancePsychic the Djinni Monk began the quest for the
                  | Orb.
     0 | D:1      | Reached XP level 1. HP: 20/20 MP: 0/0
    17 | D:1      | Found a faded altar of an unknown god.
   155 | D:1      | Reached XP level 2. HP: 19/25 MP: 0/0
   494 | D:1      | Reached skill level 1 in Spellcasting
   962 | D:2      | Noticed Sigmund
   991 | D:2      | Reached XP level 3. HP: 30/30 MP: 0/0
   991 | D:2      | Learned a level 1 spell: Shock
  1187 | D:2      | Found Utisk's Distillery.
  1727 | D:2      | Identified the +3 ring mail of Igeezome {rPois Will+++
                  | MP-9}
  2304 | D:3      | Reached XP level 4. HP: 33/35 MP: 0/0
  2576 | D:3      | Found Siqun's Magic Scroll Shoppe.
  2958 | D:3      | Noticed an ogre
  3865 | D:4      | Noticed Menkaure
  4200 | D:4      | Reached XP level 5. HP: 36/40 MP: 0/0
  4200 | D:4      | Learned a level 2 spell: Ensorcelled Hibernation
  4636 | D:4      | Noticed a kobold brigand
  4655 | D:4      | Killed a kobold brigand
  4656 | D:4      | Reached XP level 6. HP: 37/46 MP: 0/0
  5173 | D:4      | Killed Menkaure
  5174 | D:4      | Reached XP level 7. HP: 50/50 MP: 0/0
  5174 | D:4      | Learned a level 2 spell: Wereblood
  5378 | D:4      | Noticed a steam dragon
  5387 | D:4      | Noticed a wyvern
  5397 | D:4      | Killed a steam dragon
  5667 | D:5      | Entered Level 5 of the Dungeon
  6833 | D:6      | Noticed Prince Ribbit
  6843 | D:6      | Found a glowing drain.
  6862 | D:6      | Reached XP level 8. HP: 23/58 MP: 0/0
  6892 | D:6      | Demolished by an ogre

Illustrated notes

Levels and vault maps discovered:
D:1:      tarquinn_simple_flora_water_d, layout_rooms,
          ebering_ecumenical_altar_petrified, kennysheep_nondescript,
          amethyst_killhole
D:2:      layout_loops_ring, serial_shops, shop, chequers_decorated_corner,
          corexii_hall_statues_deadend, uniq_sigmund
D:3:      layout_loops_cross, serial_shops, shop, kennysheep_generic_room_8
D:4:      cheibrodos_thug_alley, layout_loops_ring, minmay_strange_pillars,
          minmay_small_thing, uniq_menkaure
D:5:      layout_loops_ring, minmay_mini_ossuary
D:6:      layout_cave_pools, zin_statuary, gup_sewer_entry_glass,
          grunt_decor_junction, uniq_crazy_yiuf_cottage, uniq_prince_ribbit1

Skill      XL: |  1  2  3  4  5  6  7 |
---------------+----------------------+-----
Spellcasting   | 1 2 3 4 |  4.7
Short Blades   | 3 |  3.9
Stealth        | 2 3 |  3.2
Fighting       | 4 |  4.3
Dodging        | |  3.2

Action                   |  1- 3 |  4- 6 |  7- 9 || total
-------------------------+-------+-------+-------++-------
Melee: Short sword       |   117 |    75 |       ||   192
       Punch             |       |     1 |       ||     1
       Dagger            |       |    10 |    43 ||    53
 Cast: Shock             |    40 |    90 |    52 ||   182
       Ensorcelled Hiber |       |     3 |    14 ||    17
  Use: Scroll            |       |     6 |     7 ||    13
       Potion            |       |     5 |     4 ||     9
 Stab: Sleeping          |     2 |     1 |     7 ||    10
       Distracted        |     1 |       |       ||     1
Armor: Robe              |    12 |       |       ||    12
       Ring mail         |    13 |    37 |    16 ||    66
Dodge: Dodged            |    87 |    46 |    25 ||   158
